 Dungeon Crawl Stone Soup version 0.30.1-11-g7821555f0a (webtiles) character file.

Game seed: 14674809593149750258

56 lonewolfV2 the Trooper (level 3, 0/29 HPs)
             Began as a Demonspawn Fighter on Oct 27, 2023.
             Slain by Natasha (5 damage)
             ... on level 2 of the Dungeon.
             The game lasted 00:02:24 (1402 turns).

lonewolfV2 the Trooper (Demonspawn Fighter)         Turns: 1402, Time: 00:02:24

Health: 0/29       AC: 13    Str: 18    XL:     3   Next: 71%
Magic:  3/3        EV:  5    Int:  9    God:
Gold:   186        SH:  4    Dex: 12    Spells: 2/2 levels left

rFire   . . .        a - +0 war axe
rCold   . . .        c - +0 buckler
rNeg    . . .        i - +0 plate armour
rPois   .            (no helmet)
rElec   .            (no cloak)
rCorr   +            (no gloves)
SInv    .            (no boots)
Will    .....        (no amulet) Stlth
                     k - ring of resist corrosion
HPRegen 0.24/turn    (no ring)
MPRegen 0.08/turn

%: no passive effects
@: slowed, very slow
A: molten scales 1
a: no special abilities


You were on level 2 of the Dungeon.
You visited 1 branch of the dungeon, and saw 2 of its levels.

You collected 186 gold pieces.

Inventory:

Hand Weapons
 a - a +0 war axe (weapon)
Armour
 c - a +0 buckler (worn)
 i - a +0 plate armour (worn)
Jewellery
 k - a ring of resist corrosion (left hand)
Scrolls
 f - 2 scrolls of fog {unknown}
 j - a scroll of immolation {unknown}
 n - a scroll of identify {unknown}
 p - a scroll of enchant weapon {unknown}
Potions
 b - a potion of lignification {unknown}
 d - a potion of might
 e - a potion of invisibility {unknown}
 g - a potion of flight {unknown}
 h - 2 potions of cancellation {unknown}
 l - a potion of haste
 m - 2 potions of degeneration {unknown}
 o - a potion of curing {unknown}


   Skills:
 - Level 3.3 Fighting
 - Level 2.2 Axes
 + Level 3.1 Armour
 * Level 1.0 Dodging
 + Level 3.1 Shields


You had 2 spell levels left.
You didn't know any spells.
Your spell library contained the following spells:

 Spells                   Type           Power      Damage    Failure   Level
 Sandblast                Erth           0%         2d4       100%        1
 Passwall                 Tmut/Erth      0%         N/A       100%        2
 Stone Arrow              Conj/Erth      0%         3d7       100%        3


Dungeon Overview and Level Annotations

Branches:
Dungeon (2/15)

Altars:

Annotations:
D:2 Natasha


Innate Abilities, Weirdness & Mutations

You are partially covered in molten scales. (AC +2)


Message History

The cerulean imp hits you but does no damage.
You block Natasha's attack.
The cerulean imp hits you but does no damage.
You closely miss Natasha.
Natasha claws you but does no damage. x2
The cerulean imp hits you from afar with a +0 spear.
You closely miss Natasha.
The cerulean imp disappears in a puff of smoke!
Natasha casts a spell at you.
You feel yourself slow down. Natasha claws you but does no damage.
The cerulean imp hits you but does no damage.
You closely miss Natasha.
Natasha casts a spell.
Natasha claws you but does no damage.
The cerulean imp hits you from afar with a +4 spear.
Natasha claws you but does no damage.
The cerulean imp hits you but does no damage.
You barely miss Natasha. Natasha claws you. x2
The cerulean imp hits you from afar with a +4 spear.
Natasha claws you but does no damage. The cerulean imp barely misses you.
Natasha barely misses you.
You hit Natasha.
Natasha is heavily wounded.
Natasha is no longer moving quickly.
Natasha claws you but does no damage. The cerulean imp closely misses you.
Natasha claws you.
The cerulean imp hits you but does no damage.
Natasha claws you but does no damage.
You closely miss Natasha.
Natasha is heavily wounded.
The cerulean imp disappears in a puff of smoke!
Natasha claws you but does no damage.
The cerulean imp hits you but does no damage.
Natasha claws you.
* * * LOW HITPOINT WARNING * * *
The cerulean imp barely misses you.
You barely miss Natasha.
Natasha is heavily wounded.
You block Natasha's attack.
The cerulean imp hits you but does no damage.
Natasha claws you.
You die...

# #.. .... ...###.......
.... ### #.......##.. ####
#####.####.. #.# ### ###
###.# # #.. ...# #
.######.# #..# #
.....)..#########..# #
#..@h5ยง.....#.# #
##.#######.# #.#####
#.###....## ##.....
.#######.##......###.#####
................#.#.##
########.##.....##.##
#.###...###.#
#...........#
#############


You could see Natasha and a cerulean imp (summoned).

Vanquished Creatures
  2 dart slugs
  A worm (D:2)
  3 ball pythons
  2 endoplasms (D:1)
  A giant cockroach (D:1)
  4 goblins
  4 hobgoblins (D:1)
  9 jackals
  A quokka (D:1)
  4 bats
  4 frilled lizards (D:1)
  5 kobolds
  7 rats
47 creatures vanquished.

Notes
Turn   | Place    | Note
-------+----------+-------------------------------------------
     0 | D:1      | lonewolfV2 the Demonspawn Fighter began the quest for the
                  | Orb.
     0 | D:1      | Reached XP level 1. HP: 18/18 MP: 1/1
   144 | D:1      | Gained mutation: You are partially covered in molten
                  | scales. (AC +2) [demonic ancestry]
   144 | D:1      | Reached XP level 2. HP: 14/24 MP: 2/2
   452 | D:1      | Reached XP level 3. HP: 29/29 MP: 3/3
  1269 | D:2      | Reached skill level 1 in Dodging
  1378 | D:2      | Noticed Natasha
  1402 | D:2      | Slain by Natasha

Illustrated notes

Levels and vault maps discovered:
D:1:      pf_arrival_petrified_forest, layout_loops_ring,
          nicolae_figureground_sparkle
D:2:      layout_loops_ring, uniq_natasha

Skill      XL: |  1  2  3 |
---------------+----------+-----
Axes           | 2 |  2.2
Shields        | 3 |  3.1
Armour         | 3 |  3.1
Dodging        | 1 |  1.0
Fighting       | |  3.3

Action                     || total
---------------------------++-------
  Melee: War axe           ||   150
    Use: Scroll            ||     2
 Armour: Scale mail        ||    54
         Plate armour      ||    98
  Dodge: Dodged            ||    70
  Block: Buckler           ||    44
